 Dungeon Crawl Stone Soup version 0.24-a0-639-gb70a11d811 (webtiles) character file.

Game seed: 10558107884988412498, levelgen mode: deterministic

21670 Johnny the Geomancer (level 12, -4/103 HPs)
             Began as a Demigod Earth Elementalist on Sept 21, 2019.
             Shot with an arrow by a centaur warrior (20 damage)
             ... on level 14 of the Dungeon.
             The game lasted 00:24:15 (13228 turns).

Johnny the Geomancer (Demigod Earth Elementalist)  Turns: 13228, Time: 00:24:17

Health: -4/103     AC:  4    Str: 11    XL:     12   Next: 25%
Magic:  2/41       EV: 12    Int: 27    God:
Gold:   496        SH:  0    Dex: 16    Spells: 20/33 levels left

rFire    + . .     SeeInvis .   a - +0 spear (venom)
rCold    + . .     Gourm    .   (no shield)
rNeg     . . .     Faith    .   c - +0 robe
rPois    .         Spirit   .   F - +0 helmet
rElec    .         Reflect  .   m - scarf {rC+ rF+}
rCorr    +         Harm     .   (no gloves)
MR       +....                  o - +0 pair of boots
Stlth    ++........             P - amulet of the acrobat
HPRegen  0.27/turn              C - ring of resist corrosion
MPRegen  0.27/turn              E - ring of magical power

@: no status effects
A: high mp 1
a: no special abilities


You were on level 14 of the Dungeon.
You were very hungry.

You visited 1 branch of the dungeon, and saw 14 of its levels.
You also visited: Ossuary.

You collected 1014 gold pieces.
You spent 518 gold pieces at shops.

Inventory:

Hand Weapons
 a - a +0 spear of venom (weapon)
 M - a +5 spear
Missiles
 b - 115 stones (quivered)
Armour
 c - a +0 robe (worn)
 m - a scarf of resistance (worn)
 o - a +0 pair of boots (worn)
 F - a +0 helmet (worn)
Magical Staves
 T - an uncursed staff of poison {unknown}
Jewellery
 k - an uncursed ring of wizardry
 C - a ring of resist corrosion (left hand)
 E - a ring of magical power (right hand)
 K - an uncursed ring of stealth
 L - an uncursed ring of fire
 N - an uncursed ring of wizardry
 P - an amulet of the acrobat (around neck)
 S - a +4 ring of slaying
 U - an uncursed ring of protection from magic {unknown}
 V - an uncursed ring of positive energy {unknown}
Wands
 t - a wand of flame (9)
 J - a wand of disintegration (15)
 O - a wand of enslavement (5)
 R - a wand of random effects (23)
Scrolls
 e - 4 scrolls of magic mapping
 f - 4 scrolls of teleportation
 h - 3 scrolls of noise
 i - 10 scrolls of remove curse
 r - 3 scrolls of blinking {unknown}
 u - 4 scrolls of immolation
 w - 2 scrolls of enchant armour {unknown}
 y - a scroll of vulnerability {unknown}
 B - a scroll of random uselessness {unknown}
 D - 3 scrolls of fear {unknown}
 H - 3 scrolls of amnesia {unknown}
Potions
 g - a potion of degeneration {unknown}
 j - 4 potions of brilliance
 l - a potion of mutation
 n - 3 potions of heal wounds
 p - 5 potions of curing
 q - 2 potions of agility
 s - 2 potions of cancellation {unknown}
 v - 3 potions of might
 x - a potion of berserk rage
 z - a potion of ambrosia
 A - 3 potions of magic
 G - 3 potions of haste
 I - 2 potions of flight {unknown}
 Q - a potion of lignification
Comestibles
 d - 27 rations


   Skills:
 + Level 8.6 Fighting
 - Level 1.7 Dodging
 - Level 1.7 Stealth
 * Level 11.4 Spellcasting
 - Level 0.8 Transmutations
 * Level 12.4 Earth Magic


You had 20 spell levels left.
You knew the following spells:

 Your Spells              Type           Power        Failure   Level  Hunger
a - Sandblast             Erth           ######       1%          1    None
b - Stone Arrow           Conj/Erth      #####.       1%          3    None
c - Lee's Rapid Deconstr  Erth           ######....   1%          5    ###....
d - Petrify               Tmut/Erth      ######..     2%          4    None

Your spell library contained the following spells:

 Spells                   Type           Power        Failure   Level  Hunger
 Passwall                 Tmut/Erth      ######..     1%          2    None
 Corona                   Hex            ###....      3%          1    None
 Ensorcelled Hibernation  Hex/Ice        ###...       5%          2    None
 Confuse                  Hex            ###.....     11%         3    None
 Dazzling Spray           Conj/Hex       ###...       11%         3    None
 Tukima's Dance           Hex            ###.....     11%         3    None
 Statue Form              Tmut/Erth      ######...    36%         6    #####..
 Irradiate                Conj/Tmut      ###.......   65%         5    ###....
 Hydra Form               Tmut           ###.......   99%         6    #####..
 Dragon Form              Tmut           ###.......   100%        7    ######.


Dungeon Overview and Level Annotations

Branches:
Dungeon (14/15)            Temple (0/1) D:5            Lair (0/6) D:9
    Orc (0/2) D:10         Vaults (0/5) D:13        Ossuary (visited)

Shops:
D:4 !   D:6 *   D:8 [   D:12 :(:[=   D:13 (


Innate Abilities, Weirdness & Mutations

You have an increased reservoir of magic. (+10% MP)


Message History

The centaur warrior is heavily wounded.
You are feeling very hungry.
The cyclops throws a large rock.
The large rock hits you!!
Unknown command.
A hound comes into view.
The centaur warrior shoots an arrow.
The arrow closely misses you.
You hear a splash.
A deep troll opens the door.
The cyclops throws a large rock.
The large rock misses you.
You hear a splash.
Found 16 gold pieces.
A bullfrog and an electric eel come into view.
There is a stone staircase leading up here.
The centaur warrior shoots an arrow.
The arrow hits you!
* * * LOW HITPOINT WARNING * * *
The electric eel shoots out a bolt of lightning at you!
The bolt of electricity hits you!
* * * LOW HITPOINT WARNING * * *
The centaur warrior shoots an arrow.
The arrow hits you!!
You die...

..$.. ... ≈.≈
≈.; ##T##
##≈.≈##
##≈≈.≈≈##
.≈≈#≈≈.@.≈≈#≈≈.
..h'c..(...'...
.≈≈#≈≈<.<≈≈#C≈.
≈ ##≈≈.≈≈## ≈
##≈.≈## ##'##
#≈.≈# #≈≈.≈≈#
#≈≈...≈≈#


You could see a centaur warrior, a deep troll, a cyclops, a hound and an
electric eel.

Vanquished Creatures
  Josephine (D:11)
  A fire dragon (D:14)
  A rakshasa (D:13)
  A centaur warrior (D:13)
  2 unseen horrors
  Pikel (D:5)
  3 ugly things (D:11)
  A cyclops (D:11)
  A centaur zombie (D:13)
  3 manticores
  The ghost of bmj180 the Chopper, a novice HOFi (D:8)
  A komodo dragon (D:9)
  3 meliai (D:13)
  3 trolls
  A hornet (D:7)
  Prince Ribbit (D:8)
  3 slime creatures (D:12)
  4 hippogriffs
  The ghost of hitsuchi the Changer, an amateur OpTm (D:5)
  4 wraiths
  2 wyverns
  2 vampires
  10 yaks
  A steam dragon (D:12)
  3 hungry ghosts
  3 vampire mosquitoes (D:13)
  A water moccasin (D:12)
  Duvessa (D:6)
  5 orc warriors
  4 sky beasts
  2 slaves (D:5)
  2 black bears
  5 ogres
  3 phantoms
  4 necrophages
  6 centaurs
  A big kobold (D:8)
  3 bullfrogs
  Dowan (D:6)
  A wyvern skeleton (D:5)
  9 scorpions
  8 killer bees
  4 howler monkeys
  18 wights
  A crimson imp (D:8)
  A bullfrog zombie (D:5)
  A quasit (D:8)
  7 jellies
  3 bullfrog skeletons
  8 hounds
  10 orc priests
  Crazy Yiuf (D:4)
  2 centaur skeletons
  Jessica (D:3)
  11 worker ants
  2 iguanas
  8 orc wizards
  A big kobold zombie (Ossuary)
  A hound skeleton (D:5)
  A howler monkey zombie (D:7)
  8 mummies (Ossuary)
  18 adders
  3 shadow imps
  6 oozes
  An adder zombie (D:8)
  4 adder skeletons
  2 worms
  A dart slug (D:1)
  11 leopard geckos
  43 orcs
  5 giant cockroaches
  3 gnoll zombies (Ossuary)
  4 goblins
  11 hobgoblins
  6 jackals
  4 quokkas
  3 bats
  2 frilled lizards
  2 hobgoblin zombies (Ossuary)
  15 kobolds
  2 kobold zombies (Ossuary)
  A quokka zombie (D:4)
  3 rats (D:1)
  A rat zombie (D:4)
  A fungus (D:4)
355 creatures vanquished.

Vanquished Creatures (others)
  2 plants (D:9)
2 creatures vanquished.

Grand Total: 357 creatures vanquished

Notes
Turn   | Place    | Note
-------+----------+-------------------------------------------
     0 | D:1      | Johnny the Demigod Earth Elementalist began the quest for
                  | the Orb.
     0 | D:1      | Reached XP level 1. HP: 14/14 MP: 5/5
    77 | D:1      | Reached skill level 3 in Earth Magic
   159 | D:1      | Reached XP level 2. HP: 9/20 MP: 2/7
   945 | D:2      | Reached XP level 3. HP: 27/27 MP: 6/9
  1159 | D:2      | Found an iron altar of Okawaru.
  1249 | D:2      | Reached XP level 4. HP: 32/34 MP: 5/10
  1410 | D:3      | Reached skill level 1 in Fighting
  1604 | D:3      | Reached skill level 4 in Earth Magic
  1830 | D:3      | Noticed Jessica
  1839 | D:3      | Killed Jessica
  1839 | D:3      | Reached XP level 5. HP: 40/40 MP: 8/12
  2052 | D:4      | Found Estrea's Distillery.
  2070 | D:4      | Bought a potion of heal wounds for 70 gold pieces
  2070 | D:4      | Bought a potion of brilliance for 56 gold pieces
  2266 | D:4      | Noticed a phantom
  2276 | D:4      | Killed a phantom
  2276 | D:4      | Reached XP level 6. HP: 40/48 MP: 5/15
  2373 | D:4      | Found a sand-covered staircase.
  2380 | Ossuary  | Entered an ossuary
  2471 | Ossuary  | Reached skill level 5 in Earth Magic
  2989 | D:4      | Learned a level 3 spell: Stone Arrow
  3291 | D:4      | Found a runed translucent door.
  3292 | D:4      | Noticed Crazy Yiuf
  3297 | D:4      | Killed Crazy Yiuf
  3297 | D:4      | Reached XP level 7. HP: 56/56 MP: 14/17
  3325 | D:5      | Entered Level 5 of the Dungeon
  3386 | D:5      | Found a staircase to the Ecumenical Temple.
  3448 | D:5      | Noticed Pikel
  3473 | D:5      | Killed Pikel
  3473 | D:5      | Reached skill level 5 in Spellcasting
  3473 | D:5      | Reached skill level 6 in Earth Magic
  3473 | D:5      | Reached XP level 8. HP: 41/66 MP: 0/20
  3668 | D:5      | Found a transporter.
  3736 | D:5      | Found a bloodstained altar of Trog.
  3797 | D:5      | Found a transporter.
  3797 | D:5      | Noticed hitsuchi's ghost (amateur OpTm)
  4247 | D:5      | Killed hitsuchi's ghost
  4247 | D:5      | Reached skill level 7 in Earth Magic
  4483 | D:6      | Noticed Duvessa
  4486 | D:6      | Noticed Dowan
  4491 | D:6      | Killed Duvessa
  4498 | D:6      | Killed Dowan
  4583 | D:6      | Found Curhusk's General Store.
  4606 | D:6      | Bought a scroll of identify for 28 gold pieces
  4606 | D:6      | Bought 2 potions of haste for 280 gold pieces
  4606 | D:6      | Bought a potion of might for 56 gold pieces
  4606 | D:6      | Bought a scroll of identify for 28 gold pieces
  4864 | D:6      | Reached XP level 9. HP: 69/72 MP: 23/23
  5478 | D:7      | Reached skill level 8 in Earth Magic
  5491 | D:7      | Reached skill level 5 in Fighting
  6278 | D:8      | Found Hypp's Antique Armour Boutique.
  6284 | D:8      | Found a bloodstained altar of Trog.
  6376 | D:8      | Noticed Prince Ribbit
  6380 | D:8      | Killed Prince Ribbit
  6380 | D:8      | Reached skill level 9 in Earth Magic
  6485 | D:8      | Reached XP level 10. HP: 63/83 MP: 24/26
  7317 | D:8      | Found a runed translucent door.
  7318 | D:8      | Noticed bmj180's ghost (novice HOFi)
  7333 | D:8      | Killed bmj180's ghost
  7828 | D:9      | Reached skill level 10 in Earth Magic
  8027 | D:9      | Found a radiant altar of Vehumet.
  8190 | D:9      | Found a staircase to the Lair.
  8300 | D:10     | Entered Level 10 of the Dungeon
  8886 | D:10     | Killed an unseen horror
  9229 | D:10     | Found a staircase to the Orcish Mines.
  9553 | D:11     | Noticed Josephine
  9586 | D:11     | Noticed a manticore
  9590 | D:11     | Killed a manticore
  9590 | D:11     | Reached XP level 11. HP: 92/92 MP: 24/29
  9649 | D:11     | Found a stormy altar of Qazlal.
 10210 | D:11     | Learned a level 5 spell: Lee's Rapid Deconstruction
 10215 | D:11     | Learned a level 4 spell: Petrify
 10455 | D:11     | Reached skill level 10 in Spellcasting
 10455 | D:11     | Reached skill level 11 in Earth Magic
 10662 | D:11     | Killed Josephine
 11167 | D:12     | Found Vied's Antique Weapon Shoppe.
 11582 | D:12     | Found Oseink's Book Emporium.
 11720 | D:12     | Found Amerghofa's Armour Boutique.
 11734 | D:12     | Found Cilub's Jewellery Emporium.
 11900 | D:12     | Found Kipn's Book Boutique.
 12552 | D:13     | Reached skill level 12 in Earth Magic
 12626 | D:13     | Killed an unseen horror
 12626 | D:13     | Reached XP level 12. HP: 66/103 MP: 29/31
 12688 | D:13     | Found a gate to the Vaults.
 12936 | D:13     | Noticed a rakshasa
 12937 | D:13     | Noticed a centaur warrior
 12947 | D:13     | Killed a centaur warrior
 12952 | D:13     | Killed a rakshasa
 13124 | D:13     | Found Firugoll's Weapon Boutique.
 13194 | D:14     | Noticed a fire dragon
 13221 | D:14     | Killed a fire dragon
 13223 | D:14     | Noticed a centaur warrior
 13228 | D:14     | Shot with an arrow by a centaur warrior

Levels and vault maps discovered:
D:1:      wander_arrival_peaceful_grave, layout_basic
D:2:      layout_basic, first_ration, okawaru_trees_1
D:3:      layout_rooms, uniq_jessica
D:4:      layout_basic, serial_shops,
          nicolae_shop_temple_entry_statues_fountains, enter_ossuary_4,
          uniq_crazy_yiuf_cottage
D:5:      layout_loops_ring, temple_fountains, gammafunk_ghost_mausoleum,
          trog_butcher_becter, uniq_pikel
D:6:      layout_layer_cave, serial_shops, shop, uniq_duvessa
D:7:      layout_loops_ring
D:8:      kennysheep_big_flooded_room, layout_loops_ring,
          ebering_ghost_inner_flame, basic_altar, serial_shops,
          nicolae_shop_behind_doors, kennysheep_decorative_pillar,
          hangedman_little_slice_of_home, uniq_prince_ribbit1
D:9:      layout_big_octagon, nicolae_overflow_hidden_temple,
          david_lair_shrubbed, mrwooster_statue_mirror
D:10:     layout_gridville, orc_0_dummy
D:11:     layout_roguey, nicolae_qazlal_general_emergency, uniq_josephine
D:12:     layout_rooms, serial_shops, nicolae_shop_crystal, shop, shop_statue,
          shop, nicolae_shop_stone
D:13:     layout_gridville, david_vaults_1, serial_shops,
          nicolae_shop_window_shopping
D:14:     doesnt_quadruple_sword, layout_small_grid, kennysheep_cross_landing

Skill      XL: |  1  2  3  4  5  6  7  8  9 10 11 |
---------------+----------------------------------+-----
Earth Magic    | 3 4 5 6 7 9 10 12 | 12.4
Spellcasting   | 2 3 4 5 6 8 9 11 | 11.4
Fighting       | 1 2 3 4 5 7 8 |  8.6
Dodging        | |  1.7
Stealth        | |  1.7
Transmutations | |  0.8

Action                   |  1- 3 |  4- 6 |  7- 9 | 10-12 || total
-------------------------+-------+-------+-------+-------++-------
Melee: Spear             |    32 |    49 |    48 |    76 ||   205
 Cast: Sandblast         |    40 |    99 |   184 |   164 ||   487
       Stone Arrow       |       |       |    16 |   126 ||   142
       Lee's Rapid Decon |       |       |       |    55 ||    55
       Petrify           |       |       |       |     9 ||     9
Evoke: Wand              |       |       |     1 |     6 ||     7
  Use: Scroll            |       |     9 |     4 |     6 ||    19
       Potion            |       |     1 |     3 |     3 ||     7
 Stab: Sleeping          |       |     3 |     2 |     2 ||     7
       Paralysed         |       |       |       |    21 ||    21
  Eat: Chunk             |     1 |     6 |    11 |    24 ||    42
       Ration            |       |       |       |     1 ||     1
Armor: Robe              |    10 |    11 |    27 |    59 ||   107
       Skin              |       |       |     4 |     7 ||    11
Dodge: Dodged            |    30 |    36 |    60 |   170 ||   296

Table legend:
 A = Non-vault XP
 B = Vault XP
 C = Vault XP percentage of total XP
 D = Non-vault monster count
 E = Vault monster count
 F = Vault count percentage of total count
                 A         B        C        D         E       F
            +---------+---------+-------+---------+---------+-------
      Total |   24433 |    6525 |  21.1 |     300 |      52 |  14.8
            +---------+---------+-------+---------+---------+-------
        D:1 |      36 |       0 |   0.0 |      21 |       0 |   0.0
        D:2 |      81 |       0 |   0.0 |      15 |       0 |   0.0
        D:3 |      88 |      37 |  29.6 |      14 |       1 |   6.7
        D:4 |     411 |      42 |   9.3 |      18 |       3 |  14.3
        D:5 |     592 |    1024 |  63.4 |      15 |       9 |  37.5
        D:6 |     796 |     223 |  21.9 |      18 |       2 |  10.0
        D:7 |     754 |       0 |   0.0 |      21 |       0 |   0.0
        D:8 |    2696 |    1325 |  33.0 |      39 |      13 |  25.0
        D:9 |    2231 |     372 |  14.3 |      25 |       1 |   3.8
       D:10 |    2124 |       0 |   0.0 |      33 |       0 |   0.0
       D:11 |    4523 |    1729 |  27.7 |      25 |       4 |  13.8
       D:12 |    3389 |       0 |   0.0 |      26 |       0 |   0.0
       D:13 |    6396 |     537 |   7.7 |      28 |       2 |   6.7
       D:14 |     316 |    1055 |  77.0 |       2 |       1 |  33.3
    Ossuary |       0 |     181 | 100.0 |       0 |      16 | 100.0
            +---------+---------+-------+---------+---------+-------
